 Dungeon Crawl Stone Soup version 0.17.0-7-gfadd4cc (webtiles) character file.

126536 Leibowitz the Phalangite (level 16, -11/145 HPs)
             Began as a Merfolk Gladiator on Nov 8, 2015.
             Was the Champion of Okawaru.
             Mangled by Rupert
             ... wielding a +6 battleaxe of venom
              (36 damage)
             ... while paralysed by Rupert
             ... on level 15 of the Dungeon.
             The game lasted 02:19:43 (30975 turns).

Leibowitz the Phalangite (Merfolk Gladiator)       Turns: 30975, Time: 02:19:43

Health: -11/145    AC: 12    Str: 22    XL:     16   Next: 98%
Magic:  29/29      EV:  2    Int:  8    God:    Okawaru [******]
Gold:   1844       SH:  0    Dex: 27    Spells: 0 memorised, 15 levels left

rFire  . . .     SeeInvis +     y - +0 bardiche
rCold  . . .     Clarity  .     l - +1 robe of Repulsion {rF- Str+5 Dex+6} (curse)
rNeg   + . .     SustAt   .     (shield currently unavailable)
rPois  +         Gourm    .     (helmet restricted)
rElec  +         Spirit   .     h - +1 cloak "Hinoikie" {rElec rPois rN+ rCorr}
rCorr  +         Warding  .     d - +2 pair of gloves
rMut   .         Stasis   .     v - +2 pair of boots of Taetan {MP+9}
MR     +....                    q - amulet of faith
Stlth  ++++++....               S - +2 ring of slaying
                                n - +2 ring of dexterity

@: paralysed, somewhat resistant to hostile enchantments, very stealthy
A: change form in water, swift swim, horns 1, see invisible, fire resistance 1,
robust 1, wild magic 1, evolution 1, MP-powered wands
a: Heroism, Finesse, Renounce Religion


You were on level 15 of the Dungeon.
You worshipped Okawaru.
Okawaru was exalted by your worship.
You were not hungry.

You visited 6 branches of the dungeon, and saw 30 of its levels.
You also visited: Sewer, Bailey and Ice Cave.

You collected 3437 gold pieces.
You spent 1593 gold pieces at shops.

Inventory:

Hand Weapons
 a - a +3 glaive of draining
 b - a +0 blowgun
 y - a +0 bardiche (weapon)
 B - a +2 trident of flaming
Missiles
 e - 8 throwing nets (quivered)
 R - 9 curare-tipped needles
 T - 5 poisoned javelins
Armour
 d - a +2 pair of gloves (worn)
 h - the +1 cloak "Hinoikie" (worn) {rElec rPois rN+ rCorr}
   (Okawaru gifted it to you on level 10 of the Dungeon)

   It insulates you from electricity.
   It protects you from poison.
   It protects you from negative energy.
   It protects you from acid and corrosion.
 l - the cursed +1 robe of Repulsion (worn) {rF- Str+5 Dex+6}
   (You found it on level 14 of the Dungeon)

   It affects your strength (+5).
   It affects your dexterity (+6).
   It makes you vulnerable to fire.
   It has a curse placed upon it.
 v - the +2 pair of boots of Taetan (worn) {MP+9}
   (Okawaru gifted it to you on level 14 of the Dungeon)

   It affects your magic capacity (+9).
Jewellery
 n - a +2 ring of dexterity (left hand)
 q - an amulet of faith (around neck)
 E - an uncursed ring of positive energy
 N - an uncursed amulet of clarity
 S - a +2 ring of slaying (right hand)
 V - an uncursed amulet of stasis
Wands
 k - a wand of paralysis (14)
 t - a wand of teleportation (1)
 x - a wand of cold (9)
 D - a wand of digging (14)
 J - a wand of heal wounds (4)
 L - a wand of hasting (5)
 Y - a wand of confusion (10)
Scrolls
 g - 2 scrolls of recharging
 j - 19 scrolls of identify
 m - a scroll of blinking
 C - 5 scrolls of teleportation
 H - 3 scrolls of summoning
 M - 7 scrolls of remove curse
 U - 2 scrolls of fear
 X - 2 scrolls of magic mapping
Potions
 f - 5 potions of flight
 i - 9 potions of heal wounds
 p - 9 potions of curing
 r - 7 potions of agility
 u - 6 potions of brilliance
 w - 2 potions of haste
 G - 4 potions of lignification
 I - 3 potions of might
 P - a potion of cure mutation
 W - 4 potions of invisibility
 Z - 2 potions of cancellation
Comestibles
 c - a beef jerky
 o - 3 chunks of flesh
 s - 4 meat rations
 A - a bread ration
 O - a royal jelly
 Q - 3 slices of pizza


   Skills:
 + Level 13.9 Fighting
 + Level 21.1 Polearms
 + Level 4.2 Throwing
 + Level 8.2 Armour
 + Level 16.7 Dodging
 + Level 11.4 Stealth
 + Level 5.3 Invocations
 + Level 4.9 Evocations


You had 15 spell levels left.
You didn't know any spells.

Dungeon Overview and Level Annotations

Branches:
Dungeon (15/15)            Temple (1/1) D:6            Lair (8/8) D:8
 Shoals (1/4) Lair:4        Snake (1/4) Lair:3        Slime (0/6) Lair:7
    Orc (4/4) D:11            Elf (0/3) Orc:3        Vaults (0/5) D:14
 Depths: D:15

Altars:
Ashenzari
Cheibriados
Dithmenos
Gozag
Kikubaaqudgha
Makhleb
Nemelex Xobeh
Okawaru
Qazlal
Ru
Sif Muna
Vehumet
Xom
Yredelemnul
Beogh
Jiyva

Shops:
D:5 ?   D:9 *   D:12 (   Orc:1 :   Orc:2 !   Orc:3 [((?*   Orc:4 =[![

Annotations:
D:15 Rupert


Innate Abilities, Weirdness & Mutations

You revert to your normal form in water.
You are very nimble and swift while swimming.
You have a pair of small horns on your head.
You have supernaturally acute eyesight.
Your flesh is heat resistant.
You are robust (+10% HP).
Your spells are a little harder to cast, but a little more powerful.
You evolve.
You expend magic power (3 MP) to strengthen your wands.


Message History

Rupert yells loudly at you.
You suddenly lose the ability to move!
The centaur warrior hits you but does no damage.
The centaur hits you.
The orc priest invokes the aid of Beogh against you.
Something smites you!
The centaur warrior hits you but does no damage.
Rupert roars madly and goes into a rage!
Rupert goes berserk!
The centaur hits you but does no damage.
The centaur warrior hits you.
Rupert hits you with a battleaxe of venom!!!
The centaur hits you.
* * * LOW HITPOINT WARNING * * *
The centaur warrior hits you!
* * * LOW HITPOINT WARNING * * *
The centaur hits you but does no damage.
The orc priest miscasts a cantrip.
Rupert hits you with a battleaxe of venom!!!
You die...

.........##.#
##.##....##.# ..
##.#.##.# .# #.#.##.#
.# #.#.##.# .#
#.###......## .# #
.....)..#.#.####.#.##..
#..............cc..o...
........#......@@o.#
...(........########
#############


You could see Rupert (berserk), a centaur warrior, an orc warrior, a centaur and
an orc priest.

Vanquished Creatures
  A frost giant (IceCv)
  An orc warlord (Orc:4)
  4 vault guards (D:14)
  7 hydras
  Harold (Lair:4)
  4 ogre magi (Orc:4)
  2 centaur warriors
  2 tengu warriors (D:13)
  A fire crab (Lair:8)
  An orc high priest (Orc:4)
  Pikel (D:7)
  3 unseen horrors
  2 orc knights (Bailey)
  3 hill giants
  An orc sorcerer (Orc:2)
  A griffon (D:15)
  A lindwurm (Lair:6)
  3 ugly things
  3 cyclopes
  3 black mambas
  A siren (Lair:4)
  A manticore (D:10)
  An ice statue (IceCv)
  A torpor snail (Lair:6)
  8 spiny frogs
  A gargoyle (D:14)
  9 komodo dragons
  A spriggan druid (Lair:8)
  A troll (shapeshifter) (D:15)
  A queen bee (Lair:5)
  3 merfolk (Lair:4)
  2 fire drakes
  6 trolls
  A jumping spider (shapeshifter) (D:13)
  27 polar bears
  17 two-headed ogres
  22 blink frogs
  A hornet zombie (D:13)
  A trapdoor spider (D:13)
  12 slime creatures
  13 redbacks (Lair:8)
  10 spriggans (Lair:8)
  Sigmund (D:3)
  A hill giant zombie (D:11)
  3 wraiths
  2 basilisks
  3 shadows
  45 yaks
  2 deep elf magi
  2 steam dragons
  5 hungry ghosts
  A wyvern (D:12)
  31 wolves
  10 hippogriffs
  A mottled dragon (D:15)
  3 wargs
  4 nagas (Lair:3)
  12 ice beasts
  11 water moccasins
  11 porcupines
  2 phantoms (D:8)
  An eye of draining (D:12)
  34 ogres
  10 black bears
  30 orc warriors
  3 wasps (Lair:8)
  The ghost of Ohli the Insei, an amateur DsMo (D:3)
  4 necrophages (Lair:6)
  5 sky beasts
  13 centaurs
  15 crocodiles
  9 big kobolds
  26 giant frogs
  4 wights (D:14)
  A water moccasin skeleton (D:8)
  41 killer bees
  4 scorpions
  A troll zombie (D:11)
  An electric eel (Lair:7)
  3 crimson imps
  3 giant frog zombies (D:12)
  4 jellies
  4 centaur zombies
  A quasit (D:13)
  26 orc wizards
  A centaur skeleton (D:8)
  3 giant frog skeletons
  24 orc priests
  5 hounds
  11 iguanas
  11 worker ants
  4 hell rats (Lair:7)
  14 sheep
  4 ogre zombies (D:11)
  3 hound skeletons
  A worker ant zombie (D:8)
  16 adders
  31 river rats
  4 shadow imps
  2 adder skeletons
  An adder zombie (D:5)
  6 worms
  3 giant geckos
  207 orcs
  7 hobgoblins
  19 jackals
  7 ball pythons
  6 bats
  8 giant cockroaches
  2 giant gecko skeletons (D:8)
  5 giant newts
  7 goblins
  2 goblin skeletons
  3 hobgoblin skeletons (D:11)
  2 hobgoblin zombies (D:11)
  A jackal skeleton (D:5)
  42 kobolds
  An orc skeleton (D:11)
  11 orc zombies (D:11)
  6 quokkas
  25 rats
  A fire vortex (Lair:5)
  3 fungi
1088 creatures vanquished.

Vanquished Creatures (others)
  3 orcs
  15 fungi
  2 plants
20 creatures vanquished.

Grand Total: 1108 creatures vanquished

Notes
Turn   | Place    | Note
--------------------------------------------------------------
     0 | D:1      | Leibowitz the Merfolk Gladiator began the quest for the Orb.
     0 | D:1      | Reached XP level 1. HP: 16/16 MP: 1/1
    69 | D:1      | Reached XP level 2. HP: 11/22 MP: 2/2
   654 | D:1      | Reached XP level 3. HP: 28/28 MP: 3/3
   968 | D:2      | Reached skill level 1 in Stealth
  1034 | D:2      | Reached skill level 5 in Polearms
  1252 | D:2      | You fall through a shaft!
  1365 | D:3      | Noticed Ohli's ghost (amateur DsMo)
  1482 | D:3      | Killed Ohli's ghost
  1482 | D:3      | Reached skill level 5 in Dodging
  1482 | D:3      | Reached XP level 4. HP: 8/34 MP: 4/4
  1482 | D:3      | Reached XP level 5. HP: 9/40 MP: 5/5
  1500 | D:3      | Reached skill level 1 in Armour
  1705 | D:3      | Found a glowing drain.
  1709 | Sewer    | Entered a sewer
  2228 | Sewer    | Reached skill level 6 in Dodging
  2228 | Sewer    | Reached XP level 6. HP: 27/47 MP: 6/6
  3282 | D:3      | Noticed Sigmund
  3377 | D:3      | Killed Sigmund
  3377 | D:3      | Reached XP level 7. HP: 46/53 MP: 7/7
  3767 | D:4      | Reached skill level 7 in Dodging
  4217 | D:4      | Found a deep blue altar of Sif Muna.
  4493 | D:2      | Found a shattered altar of Ashenzari.
  4850 | D:4      | Found a snail-covered altar of Cheibriados.
  4873 | D:4      | Found a shimmering altar of Xom.
  4919 | D:4      | Found a basalt altar of Yredelemnul.
  4940 | D:4      | Reached XP level 8. HP: 54/61 MP: 8/8
  5228 | D:5      | Entered Level 5 of the Dungeon
  5286 | D:5      | Reached skill level 8 in Polearms
  5950 | D:5      | Reached skill level 5 in Fighting
  6131 | D:5      | Found a burning altar of Makhleb.
  6277 | D:5      | Found Fov Ettemm's Magic Scroll Emporium.
  6501 | D:5      | Bought a scroll of remove curse for 33 gold pieces
  6564 | D:5      | Found a sacrificial altar of Ru.
  6573 | D:5      | Found an opulent altar of Gozag.
  7214 | D:6      | Reached skill level 9 in Polearms
  7214 | D:6      | Reached skill level 5 in Stealth
  7214 | D:6      | Reached XP level 9. HP: 64/68 MP: 9/9
  7524 | D:6      | Found a staircase to the Ecumenical Temple.
  7533 | Temple   | Entered the Ecumenical Temple
  7612 | Temple   | Became a worshipper of Warmaster Okawaru
  8136 | D:7      | Noticed Pikel
  8151 | D:7      | Killed Pikel
  8151 | D:7      | Reached * piety under Okawaru
  8151 | D:7      | Reached skill level 10 in Polearms
  8161 | D:7      | Found a flagged portal.
  8175 | Bailey   | Entered a bailey
  8586 | Bailey   | Reached skill level 10 in Dodging
  8803 | Bailey   | Reached skill level 13 in Polearms
  8803 | Bailey   | Reached XP level 10. HP: 75/79 MP: 9/13
  8845 | Bailey   | Noticed an orc knight
  8849 | Bailey   | Noticed an orc knight
  8860 | Bailey   | Reached ** piety under Okawaru
  8874 | Bailey   | Killed an orc knight
  8874 | Bailey   | Reached XP level 11. HP: 43/84 MP: 14/14
  8900 | Bailey   | Killed an orc knight
  9145 | Bailey   | Reached *** piety under Okawaru
 10236 | D:8      | Found an ancient bone altar of Kikubaaqudgha.
 10279 | D:8      | Gained mutation: You evolve. [potion of mutation]
 10279 | D:8      | Gained mutation: Your flesh is heat resistant. [potion of mutation]
 10279 | D:8      | Gained mutation: You expend magic power (3 MP) to strengthen your wands. [potion of mutation]
 10770 | D:8      | Found a staircase to the Lair.
 11250 | Lair:1   | Entered Level 1 of the Lair of Beasts
 11640 | Lair:1   | Reached **** piety under Okawaru
 11659 | Lair:1   | Noticed a five-headed hydra
 12146 | D:8      | Reached skill level 14 in Polearms
 12455 | D:9      | Got a polished scale mail
 12467 | D:9      | Identified the +2 scale mail of the Sturgeon {rElec rF- Dex+6} (You found it on level 9 of the Dungeon)
 12761 | D:9      | Found Geuwk's Assorted Antiques.
 12764 | D:9      | Bought a pair of runed boots for 94 gold pieces
 12764 | D:9      | Bought a scroll labeled JEOSIN BIZADOS for 21 gold pieces
 13022 | D:10     | Entered Level 10 of the Dungeon
 13111 | D:10     | Gained mutation: You are clumsy. (Dex -2) [evolution]
 13395 | D:10     | Reached skill level 5 in Armour
 13418 | D:10     | Reached ***** piety under Okawaru
 13443 | D:10     | Noticed a three-headed hydra
 13457 | D:10     | Killed a one-headed hydra
 13457 | D:10     | Received a gift from Okawaru
 13457 | D:10     | Reached skill level 15 in Polearms
 13610 | D:10     | Noticed a hill giant
 13620 | D:10     | Killed a hill giant
 13620 | D:10     | Received a gift from Okawaru
 13620 | D:10     | Reached XP level 12. HP: 94/94 MP: 15/15
 13623 | D:10     | Got a pitted cloak {god gift}
 13629 | D:10     | Identified the +1 cloak "Hinoikie" {rElec rPois rN+ rCorr} (Okawaru gifted it to you on level 10 of the Dungeon)
 14431 | D:11     | Reached skill level 16 in Polearms
 14447 | D:11     | Found a staircase to the Orcish Mines.
 15002 | Orc:1    | Entered Level 1 of the Orcish Mines
 15387 | Orc:1    | Found Qagyuvau's Book Shoppe.
 15726 | Orc:2    | Found Uqydghes's Distillery.
 16078 | Orc:3    | Found Temysonn's Armour Shop.
 16078 | Orc:3    | Found a staircase to the Elven Halls.
 16222 | Orc:2    | Bought 2 potions of experience for 1400 gold pieces
 16222 | Orc:2    | Reached skill level 17 in Polearms
 16222 | Orc:2    | Reached skill level 5 in Invocations
 16222 | Orc:2    | Reached XP level 13. HP: 98/101 MP: 16/16
 16223 | Orc:2    | Reached skill level 10 in Fighting
 16223 | Orc:2    | Reached skill level 18 in Polearms
 16223 | Orc:2    | Reached XP level 14. HP: 105/110 MP: 17/17
 16260 | Orc:3    | Found Naodah's Antique Weapon Shoppe.
 16328 | Orc:3    | Found Dana's Magic Scroll Emporium.
 16341 | Orc:3    | Found a roughly hewn altar of Beogh.
 16342 | Orc:3    | Bought a scroll of magic mapping for 45 gold pieces
 16406 | Orc:3    | Found Tuad's Antique Weapon Shop.
 16424 | Orc:3    | Found Luvvul's Assorted Antiques.
 16898 | Orc:4    | Entered Level 4 of the Orcish Mines
 17293 | Orc:4    | Found a roughly hewn altar of Beogh.
 17321 | Orc:4    | Found Fafoipp's Jewellery Emporium.
 17321 | Orc:4    | Found Mylan's Antique Armour Shop.
 17514 | Orc:4    | Reached skill level 19 in Polearms
 17986 | Orc:4    | Received a gift from Okawaru
 17988 | Orc:4    | Noticed an orc warlord
 18336 | Orc:4    | Found Peenih's Armour Shoppe.
 18336 | Orc:4    | Found Pitwibes's Distillery.
 18390 | Orc:4    | Killed an orc warlord
 18922 | Orc:4    | Lost mutation: You are clumsy. (Dex -2) [evolution]
 18953 | Orc:4    | Found a roughly hewn altar of Beogh.
 19374 | Lair:1   | Reached XP level 15. HP: 117/117 MP: 18/18
 19442 | Lair:1   | Killed a one-headed hydra
 19769 | Lair:1   | Noticed a four-headed hydra
 19860 | Lair:1   | Killed a one-headed hydra
 20160 | Lair:2   | Found a frozen archway.
 20214 | IceCv    | Entered an ice cave
 20228 | IceCv    | Reached skill level 20 in Polearms
 20780 | IceCv    | Gained mutation: Your spells are a little harder to cast, but a little more powerful. [potion of beneficial mutation]
 20784 | IceCv    | Gained mutation: You are robust (+10% HP). [potion of beneficial mutation]
 20787 | IceCv    | Gained mutation: You have supernaturally acute eyesight. [potion of beneficial mutation]
 20868 | IceCv    | Noticed a frost giant
 20909 | IceCv    | Killed a frost giant
 22408 | Lair:3   | Found a staircase to the Snake Pit.
 22512 | Lair:3   | Gained mutation: You have a pair of small horns on your head. [evolution]
 22895 | Snake:1  | Entered Level 1 of the Snake Pit
 22938 | Lair:4   | Found a staircase to the Shoals.
 22982 | Shoals:1 | Entered Level 1 of the Shoals
 23094 | Lair:4   | Noticed Harold
 23106 | Lair:4   | Killed Harold
 23106 | Lair:4   | Reached skill level 15 in Dodging
 24028 | Lair:5   | Reached ****** piety under Okawaru
 24029 | Lair:5   | Received a gift from Okawaru
 24114 | Lair:5   | Reached skill level 21 in Polearms
 24564 | Lair:5   | Received a gift from Okawaru
 25562 | Lair:7   | Found a viscous altar of Jiyva.
 25562 | Lair:7   | Found a staircase to the Slime Pits.
 25617 | Lair:7   | Reached XP level 16. HP: 92/139 MP: 20/20
 26429 | Lair:8   | Entered Level 8 of the Lair of Beasts
 26709 | Lair:8   | Reached skill level 10 in Stealth
 26947 | Lair:8   | Received a gift from Okawaru
 27938 | D:12     | Found Tel Dudoa's Antique Weapon Boutique.
 28255 | D:12     | Received a gift from Okawaru
 29373 | D:15     | Entered Level 15 of the Dungeon
 29472 | D:14     | Found a gate to the Vaults.
 29492 | D:14     | Received a gift from Okawaru
 29972 | D:14     | Got a heavily jewelled robe
 29987 | D:14     | Identified the cursed +1 robe of Repulsion {rF- Str+5 Dex+6} (You found it on level 14 of the Dungeon)
 30302 | D:14     | Got a pair of fine boots {god gift}
 30313 | D:14     | Identified the +2 pair of boots of Taetan {MP+9} (Okawaru gifted it to you on level 14 of the Dungeon)
 30966 | D:15     | Noticed Rupert
 30972 | D:15     | Paralysed by Rupert for 7 turns
 30975 | D:15     | Mangled by Rupert

Action                   |  1- 3 |  4- 6 |  7- 9 | 10-12 | 13-15 | 16-18 || total
-------------------------+-------+-------+-------+-------+-------+-------++-------
Melee: Trident           |   131 |   192 |   412 |   582 |   187 |    17 ||  1521
       Spear             |     4 |       |       |       |       |       ||     4
       Scythe            |       |       |    93 |   349 |   603 |       ||  1045
       Falchion          |       |       |       |     8 |    29 |       ||    37
       Glaive            |       |       |       |       |   461 |   644 ||  1105
       Bardiche          |       |       |       |       |       |    46 ||    46
 Fire: Blowgun           |       |       |    10 |    32 |    49 |       ||    91
Throw: Throwing net      |     1 |     3 |       |     1 |     1 |       ||     6
       Javelin           |       |     3 |       |     8 |       |       ||    11
Invok: Heroism           |       |       |     1 |       |     2 |       ||     3
Evoke: Wand              |       |       |     1 |     5 |       |     1 ||     7
  Use: Scroll            |     1 |       |     9 |     6 |     3 |     8 ||    27
       Potion            |       |     7 |    10 |    12 |     8 |     2 ||    39
 Stab: Sleeping          |     1 |     3 |    19 |    25 |    35 |    26 ||   109
       Held in net/web   |       |     1 |       |       |     2 |       ||     3
       Distracted        |       |       |     4 |     6 |     9 |     7 ||    26
       Invisible         |       |       |    11 |    19 |    10 |       ||    40
       Confused          |       |       |       |     2 |       |       ||     2
  Eat: Chunk             |     1 |     7 |    19 |    17 |    32 |    16 ||    92
       Meat ration       |       |       |       |     3 |       |       ||     3
       Beef jerky        |       |       |       |     3 |       |     1 ||     4
